 Dungeon Crawl Stone Soup version 0.30-a0-377-g5cb311bc9f (webtiles) character file.

Game seed: 14190506497486210124

67 Shayle the Conjurer (level 4, 34/34 HPs)
             Began as a Demonspawn Reaver on Nov 30, 2022.
             Quit the game on level 3 of the Dungeon.
             The game lasted 00:04:49 (1330 turns).

Shayle the Conjurer (Demonspawn Reaver)             Turns: 1330, Time: 00:04:50

Health: 34/34      AC:  4    Str: 13    XL:     4   Next: 0%
Magic:  7/7        EV: 11    Int: 16    God:
Gold:   76         SH:  0    Dex: 11    Spells: 6/7 levels left

rFire   . . .      SeeInvis .    g - +0 war axe
rCold   . . .      Faith    .    (no shield)
rNeg    . . .      Spirit   .    b - +0 leather armour
rPois   .          Reflect  .    q - +1 hat
rElec   .          Harm     .    (no cloak)
rCorr   .          Rampage  .    (no gloves)
Will    .....                    (no boots)
Stlth   ++........               e - amulet of regeneration
HPRegen 1.05/turn                (no ring)
MPRegen 0.10/turn                (no ring)

@: no status effects
A: hooves 1, spiny 1, demonic touch 1
a: no special abilities


You were on level 3 of the Dungeon.
You visited 1 branch of the dungeon, and saw 3 of its levels.

You collected 76 gold pieces.

Inventory:

Hand Weapons
 a - a +0 hand axe
 g - a +0 war axe (weapon)
Missiles
 p - 3 poisoned darts (quivered)
Armour
 b - a +0 leather armour (worn)
 q - a +1 hat (worn)
Jewellery
 e - an amulet of regeneration (around neck)
Wands
 o - a wand of paralysis (1)
Scrolls
 d - 3 scrolls of magic mapping
 h - a scroll of immolation {unknown}
 i - a scroll of identify {unknown}
 l - a scroll of teleportation {unknown}
 m - a scroll of poison {unknown}
 n - a scroll of butterflies {unknown}
Potions
 c - a potion of magic {unknown}
 f - a potion of cancellation {unknown}
 j - a potion of ambrosia {unknown}
 k - a potion of brilliance {unknown}


   Skills:
 + Level 2.9 Fighting
 - Level 2.6 Axes
 + Level 1.7 Armour
 - Level 1.7 Dodging
 + Level 1.9 Stealth
 - Level 2.0 Spellcasting
 - Level 3.0 Conjurations


You had 6 spell levels left.
You knew the following spells:

 Your Spells              Type           Power      Damage    Failure   Level
a - Kiss of Death         Conj/Necr      24%        2d7       14%         1

Your spell library contained the following spells:

 Spells                   Type           Power      Damage    Failure   Level
 Shock                    Conj/Air       24%        1d4       14%         1
 Momentum Strike          Conj/Tloc      12%        3d8       22%         2
 Hailstorm                Conj/Ice       6%         3d4       38%         3
 Ignite Poison            Fire/Tmut/Pois 1%         N/A       61%         3
 Kindle Blastsparks       Fire/Tloc/Air  2%         2d10      61%         3
 Freezing Cloud           Conj/Ice/Air   2%         6-21      99%         5


Dungeon Overview and Level Annotations

Branches:
Dungeon (3/15)

Altars:


Innate Abilities, Weirdness & Mutations

You have large cloven feet.
You are partially covered in sharp spines.
Your touch may inflict minor irresistible damage on your foes.


Message History

Aim: Ijyb, wielding a +0 club, wearing a +0 chain mail and carrying a wand of paralysis (1) (almost dead, 100% to hit)
The negative energy hits Ijyb.
Ijyb is drained!
You kill Ijyb!
You feel drained.
o - a wand of paralysis (1);
p - 3 poisoned darts
Things that are here:
a +0 club; a +0 chain mail; the goblin corpse of Ijyb You start resting.
Magic restored.
HP restored.
You open the door.
There is an open door here.
A hobgoblin comes into view.
The hobgoblin shouts!
The hobgoblin closely misses you.
You closely miss the hobgoblin. Your touch misses the hobgoblin.
The hobgoblin is struck by your spines. The hobgoblin closely misses you.
You closely miss the hobgoblin.
The hobgoblin is moderately wounded.
The hobgoblin hits you. The hobgoblin is struck by your spines.
The hobgoblin hits you but does no damage.
You hit the hobgoblin.
You kill the hobgoblin!
You see here a hobgoblin corpse.
You see here a hobgoblin corpse.
An adder comes into view.
Found a glowing hat.
The helpless adder fails to defend itself.
You slash the adder!
You kill the adder!
Your life force feels restored.
You have reached level 4!
You feel stronger.
Your demonic ancestry asserts itself...
Your feet thicken and deform.
You see here an adder corpse.
You see here a +1 hat.
q - a +1 hat You start putting on your armour.
You continue putting on your +1 hat. x4
You finish putting on your +1 hat.
Are you sure you want to abandon this character and quit the game? (Confirm with "yes".)

.## ..# ..# #.# ##
## #.# # # #.#
##.# #.# ##.###..
#..###.#
.#..##..###$.##.@#
..#..##..#..##.†##
...#...........##
...+.......#####
...##.#....# ..##
#..#.# .## #
#.##.# ## #.#.##.#
# #.#.##.#


There were no monsters in sight!

Vanquished Creatures
  Ijyb (D:3)
  An adder (D:3)
  3 ball pythons
  2 bats (D:2)
  3 endoplasms (D:1)
  A giant cockroach (D:1)
  A goblin (D:1)
  4 hobgoblins
  A quokka (D:2)
  3 frilled lizards
  5 kobolds
  5 rats
30 creatures vanquished.

Vanquished Creatures (others)
  3 fungi (D:1)
  2 plants (D:1)
5 creatures vanquished.

Grand Total: 35 creatures vanquished

Notes
Turn   | Place    | Note
-------+----------+-------------------------------------------
     0 | D:1      | Shayle the Demonspawn Reaver began the quest for the Orb.
     0 | D:1      | Reached XP level 1. HP: 16/16 MP: 3/3
    47 | D:1      | Found a faded altar of an unknown god.
    77 | D:1      | Got Plato's Opusculum on the Storm
   217 | D:1      | Discovered your monstrous ancestry.
   217 | D:1      | Gained mutation: Your touch may inflict minor irresistible
                  | damage on your foes. [demonic ancestry]
   217 | D:1      | Reached XP level 2. HP: 19/22 MP: 5/5
   265 | D:1      | Reached skill level 1 in Stealth
   348 | D:1      | Reached skill level 1 in Armour
   915 | D:2      | Gained mutation: You are partially covered in sharp spines.
                  | [demonic ancestry]
   915 | D:2      | Reached XP level 3. HP: 28/28 MP: 6/6
  1225 | D:3      | Noticed Ijyb
  1225 | D:3      | Paralysed by Ijyb for 4 turns
  1244 | D:3      | Paralysed by Ijyb for 5 turns
  1254 | D:3      | Paralysed by Ijyb for 4 turns
  1261 | D:3      | Killed Ijyb
  1322 | D:3      | Gained mutation: You have large cloven feet. [demonic
                  | ancestry]
  1322 | D:3      | Reached XP level 4. HP: 33/34 MP: 7/7
  1330 | D:3      | Quit the game

Illustrated notes

Levels and vault maps discovered:
D:1:      ncdulo_wetmaze, layout_rooms, shapermc_ecumenical_altar_rom_forum,
          serial_bayou_pond_e
D:2:      layout_loops_ring
D:3:      layout_loops_corners, gammafunk_temple_overflow_claw, st_stairs_6,
          uniq_ijyb

Skill      XL: |  1  2 |
---------------+-------+-----
Stealth        | 1 |  1.9
Armour         | 1 |  1.7
Fighting       | |  2.9
Axes           | |  2.6
Dodging        | |  1.7
Spellcasting   | |  2.0
Conjurations   | |  3.0

Action                   |  1- 3 |  4- 6 || total
-------------------------+-------+-------++-------
Melee: Hand axe          |    44 |       ||    44
       War axe           |    48 |       ||    48
       Touch             |     8 |       ||     8
Throw: Dart              |     3 |       ||     3
 Cast: Kiss of Death     |     1 |       ||     1
  Use: Scroll            |     1 |       ||     1
 Stab: Sleeping          |     2 |       ||     2
Armor: Leather armour    |    26 |       ||    26
Dodge: Dodged            |    51 |       ||    51

Table legend: (Time is in decaauts)
 A = Elapsed time spent in this place.
 B = Non-inter-level travel time spent in this place.
 C = Inter-level travel time spent in this place.
 D = Time resting spent in this place.
 E = Time spent auto-exploring this place.
 F = Levels seen in this place.
 G = Mean time per level.
                   A        B        C        D        E       F      G
               +--------+--------+--------+--------+--------+-----+--------+
         Total |   1364 |   1316 |     48 |      7 |    941 |   3 |  454.7 |
       Dungeon |   1364 |   1316 |     48 |      7 |    941 |   3 |  454.7 |
               +--------+--------+--------+--------+--------+-----+--------+

Top non-repeatable levels by time:
     D:2: 662 daAuts
     D:1: 586 daAuts
     D:3: 115 daAuts
